 Dungeon Crawl Stone Soup version 0.26-a0-1040-gbe3abf3417 (webtiles) character file.

Game seed: 10178414077410399055

60 Maimakterion the Slasher (level 4, -3/23 HPs)
             Began as a Vine Stalker Fighter on Dec 11, 2020.
             Slain by a gnoll
             ... wielding a +0 club
              (6 damage)
             ... on level 2 of the Dungeon.
             The game lasted 00:00:48 (1698 turns).

Maimakterion the Slasher (Vine Stalker Fighter)     Turns: 1698, Time: 00:00:48

Health: -3/23      AC:  6    Str: 19    XL:     4   Next: 6%
Magic:  0/5        EV:  7    Int:  8    God:
Gold:   70         SH:  9    Dex: 14    Spells: 3/3 levels left

rFire    . . .     SeeInvis .   a - +0 long sword
rCold    . . .     Faith    .   c - +0 kite shield
rNeg     . . .     Spirit   +   b - +0 scale mail
rPois    .         Reflect  .   (no helmet)
rElec    .         Harm     .   (no cloak)
rCorr    .         Rampage  .   (no gloves)
Will     .....                  (no boots)
Stlth    ..........             (no amulet)
HPRegen  0.47/turn              (no ring)
MPRegen  0.09/turn              (no ring)

@: no status effects
A: fangs 2, regeneration 1, magic shield, antimagic bite, no potion heal 3, rot
immunity
a: no special abilities


You were on level 2 of the Dungeon.
You visited 1 branch of the dungeon, and saw 2 of its levels.

You collected 70 gold pieces.

Inventory:

Hand Weapons
 a - a +0 long sword (weapon)
Missiles
 k - 3 boomerangs (quivered)
Armour
 b - a +0 scale mail (worn)
 c - a +0 kite shield (worn)
 m - a cursed +0 plate armour
Jewellery
 l - a +4 ring of protection {unknown}
Scrolls
 e - 3 scrolls of enchant weapon {unknown}
 f - a scroll of magic mapping {unknown}
 g - 6 scrolls of teleportation {unknown}
 i - 2 scrolls of identify {unknown}
Potions
 d - 2 potions of might
 h - a potion of degeneration {unknown}
 j - 2 potions of mutation {unknown}
 n - 2 potions of curing {unknown}


   Skills:
 - Level 2.6 Fighting
 + Level 3.8 Long Blades
 - Level 2.4 Armour
 - Level 2.6 Shields


You had 3 spell levels left.
You didn't know any spells.
Your spell library was empty.

Dungeon Overview and Level Annotations

Branches:
Dungeon (2/15)

Altars:
Zin


Innate Abilities, Weirdness & Mutations

You have extremely sharp teeth.
Your natural rate of healing is unusually fast.
When hurt, damage is shared between your health and your magic reserves.
Your bite disrupts and absorbs the magic of your enemies.
Potions cannot restore your health.
You are immune to rotting.


Message History

The gnoll hits you but does no damage.
You hit the gnoll but do no damage. You bite the gnoll. You drain its power.
The gnoll is almost dead.
You block the gnoll's attack.
You hit the gnoll but do no damage. You bite the gnoll.
You kill the gnoll!
You have reached level 4!
You feel agile.
You begin to heal more quickly.
You regained 2 hp, and now have 14/23 hp.
MP restored: 5 You barely miss the gnoll.
Your bite misses the gnoll. The gnoll hits you with a +0 club!
The gnoll barely misses you.
You take 5 damage, and have 9/23 hp.
MASSIVE DAMAGE!!
You now have 3/5 mp.
You slash the gnoll!
The gnoll is severely wounded.
The gnoll hits you with a +0 club!
* * * LOW HITPOINT WARNING * * *
You block the gnoll's attack. The gnoll hits you with a +0 club!
You die...

.. #.# ##### #
#.########.# #
#..........#######
# ##.............#
# #.###########.#
# #.# #.# # #g#
#.# # #g# #.# #
#@# #.# # #.# #.#
#.# #.# #.# #.#
#.# ####.#
#.########....#
#........'....####
##########....#...
............#.##


You could see 2 gnolls.

Vanquished Creatures
  3 gnolls
  3 dart slugs
  A ball python (D:1)
  A giant cockroach (D:2)
  A goblin (D:1)
  3 hobgoblins
  2 jackals (D:1)
  3 kobolds (D:2)
  A quokka (D:2)
  3 bats (D:1)
  A frilled lizard (D:1)
  4 rats
26 creatures vanquished.

Notes
Turn   | Place    | Note
-------+----------+-------------------------------------------
     0 | D:1      | Maimakterion the Vine Stalker Fighter began the quest for
                  | the Orb.
     0 | D:1      | Reached XP level 1. HP: 11/11 MP: 2/2
   252 | D:1      | Reached skill level 2 in Long Blades
   471 | D:1      | Reached XP level 2. HP: 16/16 MP: 3/3
   805 | D:1      | Reached skill level 3 in Long Blades
   808 | D:1      | Reached XP level 3. HP: 17/19 MP: 4/4
  1628 | D:2      | Found a glowing silver altar of Zin.
  1697 | D:2      | Gained mutation: Your natural rate of healing is unusually
                  | fast. [Vine Stalker growth]
  1697 | D:2      | Reached XP level 4. HP: 14/23 MP: 5/5
  1698 | D:2      | Slain by a gnoll

Illustrated notes

Levels and vault maps discovered:
D:1:      lightli_iron_boxes, layout_basic
D:2:      layout_basic, zin_scriptorium

Skill      XL: |  1  2 |
---------------+-------+-----
Long Blades    | 2 3 |  3.8
Fighting       | |  2.6
Armour         | |  2.4
Shields        | |  2.6

Action                   |  1- 3 |  4- 6 || total
-------------------------+-------+-------++-------
Melee: Long sword        |    70 |     2 ||    72
       Bite              |    24 |       ||    24
Armor: Scale mail        |    23 |       ||    23
Dodge: Dodged            |    14 |     1 ||    15
Block: Kite shield       |    36 |     1 ||    37
       Rpst.: Long sword |     5 |       ||     5

Table legend: (Time is in decaauts)
 A = Elapsed time spent in this place.
 B = Non-inter-level travel time spent in this place.
 C = Inter-level travel time spent in this place.
 D = Time resting spent in this place.
 E = Time spent auto-exploring this place.
 F = Levels seen in this place.
 G = Mean time per level.
                   A        B        C        D        E       F      G
               +--------+--------+--------+--------+--------+-----+--------+
         Total |   1721 |   1687 |     34 |    249 |   1256 |   2 |  860.5 |
       Dungeon |   1721 |   1687 |     34 |    249 |   1256 |   2 |  860.5 |
               +--------+--------+--------+--------+--------+-----+--------+

Top non-repeatable levels by time:
     D:1: 1062 daAuts
     D:2: 659 daAuts
